 Dungeon Crawl Stone Soup version 0.30-a0-55-g90e3122c3a (webtiles) character file.

Game seed: 14404109181513801618

2788 LnG the Cleaver (level 9, -6/79 HPs)
             Began as a Hill Orc Fighter on Sept 9, 2022.
             Was an Elder of Uskayaw.
             Mangled by a slime creature (13 damage)
             ... on level 8 of the Dungeon.
             The game lasted 00:15:02 (6118 turns).

LnG the Cleaver (Hill Orc Fighter)                  Turns: 6118, Time: 00:15:03

Health: -6/79      AC:  9    Str: 23    XL:     9   Next: 71%
Magic:  9/9        EV: 14    Int:  8    God:    Uskayaw [****..]
Gold:   349        SH:  5    Dex: 10    Spells: 8/8 levels left

rFire   . . .      SeeInvis .    a - +0 war axe
rCold   + . .      Faith    .    c - +0 buckler
rNeg    . . .      Spirit   .    b - +0 scale mail
rPois   .          Reflect  .    (no helmet)
rElec   .          Harm     .    (no cloak)
rCorr   .          Rampage  .    (no gloves)
Will    .....                    D - +0 pair of boots
Stlth   +.........               d - amulet of regeneration
HPRegen 1.03/turn                m - ring of protection from cold
MPRegen 0.11/turn                y - +4 ring of evasion

@: no status effects
A: no striking features
a: Renounce Religion, Stomp, Line Pass


You were on level 8 of the Dungeon.
You worshipped Uskayaw.
Uskayaw was noncommittal.
You visited 1 branch of the dungeon, and saw 8 of its levels.

You collected 349 gold pieces.

Inventory:

Hand Weapons
 a - a +0 war axe (weapon)
Armour
 b - a +0 scale mail (worn)
 c - a +0 buckler (worn)
 D - a +0 pair of boots (worn)
Jewellery
 d - an amulet of regeneration (around neck)
 j - a ring of wizardry
 m - a ring of protection from cold (left hand)
 y - a +4 ring of evasion (right hand)
Wands
 q - a wand of iceblast (7)
 s - a wand of polymorph (4)
 A - a wand of flame (22)
Scrolls
 e - a scroll of blinking
 g - a scroll of butterflies
 h - a scroll of vulnerability
 o - 5 scrolls of teleportation
 t - 2 scrolls of enchant armour {unknown}
 v - 2 scrolls of torment {unknown}
 w - a scroll of fear {unknown}
 x - 2 scrolls of poison {unknown}
 B - a scroll of brand weapon {unknown}
Potions
 f - 5 potions of brilliance
 i - a potion of mutation {unknown}
 k - 6 potions of flight {unknown}
 l - 2 potions of heal wounds {unknown}
 n - 2 potions of cancellation {unknown}
 p - 3 potions of curing {unknown}
 r - 2 potions of degeneration {unknown}
 u - 2 potions of resistance {unknown}
 z - a potion of might
 C - a potion of berserk rage {unknown}


   Skills:
 + Level 7.3 Fighting
 + Level 11.3 Axes
 + Level 6.7 Armour
 + Level 2.9 Dodging
 + Level 3.0 Stealth
 + Level 5.2 Shields


You had 8 spell levels left.
You didn't know any spells.
Your spell library contained the following spells:

 Spells                   Type           Power      Damage    Failure   Level
 Foxfire                  Conj/Fire      0%         2x1d4     78%         1
 Necrotise                Necr           0%         1d4       78%         1
 Ensorcelled Hibernation  Hex/Ice        0%         N/A       89%         2
 Conjure Flame            Conj/Fire      0%         6-21      98%         3
 Inner Flame              Hex/Fire       0%         N/A       98%         3
 Ozocubu's Armour         Ice            0%         N/A       98%         3
 Spider Form              Tmut/Pois      0%         N/A       98%         3
 Vampiric Draining        Necr           0%         2d6       98%         3
 Anguish                  Hex/Necr       0%         N/A       100%        4
 Flame Wave               Conj/Fire      0%         2d4       100%        4
 Hailstorm                Conj/Ice       0%         3d3       100%        4
 Ice Form                 Ice/Tmut       0%         N/A       100%        4
 Agony                    Necr           0%         N/A       100%        5
 Simulacrum               Ice/Necr       0%         N/A       100%        6
 Ozocubu's Refrigeration  Ice            0%         4d7       100%        7


Dungeon Overview and Level Annotations

Branches:
Dungeon (8/15)             Temple (0/1) D:7
   Lair: D:8-11

Altars:
Ashenzari
Nemelex Xobeh
Okawaru
Uskayaw

Annotations:
D:4 3 runed translucent doors, Newt's ghost, amateur DsGl; SirDiesAlot's ghost, amateur MiFi; jlumianski's ghost, amateur DsGl; sirJeffrey23's ghost, amateur DrMo; spaghetti's ghost, amateur FoEE


Message History

The helpless slime creature fails to defend itself.
You slash the slime creature!
The helpless slime creature fails to defend itself.
You hit the slime creature.
The slime creature is no longer paralysed. x3
The slime creature hits you but does no damage.
The slime creature hits you. The slime creature misses you.
You block the slime creature's attack.
You hit the slime creature.
The slime creature is heavily wounded.
You hit the slime creature. You barely miss the slime creature.
The slime creature hits you but does no damage.
The slime creature hits you. The slime creature closely misses you.
Unknown command.
You slash the slime creature!
The slime creature is severely wounded.
You hit the slime creature. You slash the slime creature!
You block the slime creature's attack. The slime creature closely misses you.
The slime creature hits you!
Uskayaw will force your foes to share their pain.
Uskayaw links your audience in an emotional bond!
You slash the slime creature!
You kill the slime creature!
You hit the slime creature.
You hit the slime creature but do no damage.
The slime creature hits you!
* * * LOW HITPOINT WARNING * * *
The slime creature hits you!
* * * LOW HITPOINT WARNING * * *
Your Axes skill increases to level 11!
Your Stealth skill increases to level 3!
You slash the slime creature!
You kill the slime creature!
You hit the slime creature but do no damage.
The slime creature is no longer sharing its pain.
The slime creature hits you but does no damage.
You slash the slime creature!
The slime creature is severely wounded.
The slime creature hits you!
You die...

#.........# #...##..)
#.........# #...##...
#.........# #.. ###.
###+#...########## #.
#. #..............# #)
#####..............####
#)
......................#
###.
######.........)J.....#
..#. #..........@.[...#
###.#.
#######.(#####...#
#.#.#. ##..# ..# #.#.#.
....# .# #<.... .
......# ###### ..
........ ...... ### ...
###### ## #.


You could see a slime creature.

Vanquished Creatures
  2 slime creatures (D:8)
  Sigmund (D:3)
  A wyvern (D:7)
  Eustachio (D:6)
  A steam dragon (D:8)
  An ice beast (D:5)
  2 black bears
  3 ogres
  2 phantoms
  5 kobold brigands
  A bullfrog (D:6)
  Blork the orc (D:5)
  A scorpion (D:7)
  2 hounds
  A gnoll bouda (D:7)
  3 jellies
  3 iguanas
  3 orc wizards
  A mummy (D:4)
  4 gnolls (D:7)
  9 adders
  A white imp (D:6)
  An ufetubus (D:6)
  A worm (D:5)
  A dart slug (D:2)
  32 orcs
  10 ball pythons
  11 endoplasms
  2 giant cockroaches
  9 goblins
  11 hobgoblins
  12 jackals
  8 quokkas
  7 bats
  6 frilled lizards
  A hobgoblin zombie (D:4)
  25 kobolds
  3 orc zombies (D:4)
  A rat (D:1)
190 creatures vanquished.

Vanquished Creatures (others)
  4 toadstools (D:1)
4 creatures vanquished.

Grand Total: 194 creatures vanquished

Notes
Turn   | Place    | Note
-------+----------+-------------------------------------------
     0 | D:1      | LnG the Hill Orc Fighter began the quest for the Orb.
     0 | D:1      | Reached XP level 1. HP: 19/19 MP: 1/1
    30 | D:1      | Found a faded altar of an unknown god.
   101 | D:1      | Reached XP level 2. HP: 27/27 MP: 2/2
   384 | D:1      | Reached skill level 3 in Axes
   386 | D:1      | Reached XP level 3. HP: 31/33 MP: 3/3
   850 | D:2      | Reached XP level 4. HP: 40/40 MP: 4/4
  1061 | D:2      | Reached skill level 4 in Axes
  1452 | D:3      | Found a hide-covered altar of Uskayaw.
  1460 | D:3      | Became a worshipper of Uskayaw the Reveller
  1556 | D:3      | Reached * piety under Uskayaw
  1558 | D:3      | Reached ** piety under Uskayaw
  1560 | D:3      | Reached *** piety under Uskayaw
  1604 | D:3      | Reached XP level 5. HP: 45/47 MP: 5/5
  1821 | D:3      | Reached skill level 1 in Dodging
  2246 | D:3      | Found a broken altar of Ashenzari.
  2413 | D:3      | Noticed Sigmund
  2426 | D:3      | Killed Sigmund
  2427 | D:3      | Reached skill level 5 in Axes
  2427 | D:3      | Reached XP level 6. HP: 23/55 MP: 6/6
  2657 | D:4      | Reached skill level 6 in Axes
  2672 | D:4      | Reached **** piety under Uskayaw
  2807 | D:4      | Noticed a black bear
  2817 | D:4      | Killed a black bear
  2818 | D:4      | Reached skill level 5 in Fighting
  2818 | D:4      | Reached XP level 7. HP: 52/61 MP: 7/7
  2947 | D:4      | Found a runed translucent gate.
  2948 | D:4      | Found a runed translucent gate.
  2955 | D:4      | Found a runed translucent gate.
  2958 | D:4      | Noticed SirDiesAlot's ghost (amateur MiFi)
  2958 | D:4      | Noticed sirJeffrey23's ghost (amateur DrMo)
  2958 | D:4      | Noticed Newt's ghost (amateur DsGl)
  2958 | D:4      | Noticed spaghetti's ghost (amateur FoEE)
  2958 | D:4      | Noticed jlumianski's ghost (amateur DsGl)
  2987 | D:4      | Reached skill level 7 in Axes
  3132 | D:4      | Found a sparkling altar of Nemelex Xobeh.
  3712 | D:5      | Entered Level 5 of the Dungeon
  3788 | D:5      | Reached skill level 1 in Stealth
  3795 | D:5      | Reached skill level 5 in Armour
  4000 | D:5      | Reached skill level 8 in Axes
  4000 | D:5      | Reached XP level 8. HP: 69/69 MP: 8/8
  4012 | D:5      | Noticed Blork the orc
  4021 | D:5      | Killed Blork the orc
  4147 | D:5      | Found an iron altar of Okawaru.
  4554 | D:6      | Noticed Eustachio
  4560 | D:6      | Reached skill level 9 in Axes
  4600 | D:6      | Killed Eustachio
  4965 | D:7      | Noticed a troll
  5046 | D:7      | Reached XP level 9. HP: 73/77 MP: 9/9
  5411 | D:7      | Reached skill level 10 in Axes
  5611 | D:7      | Reached skill level 5 in Shields
  5620 | D:7      | Reached ***** piety under Uskayaw
  5776 | D:7      | Found a staircase to the Ecumenical Temple.
  6117 | D:8      | Reached skill level 11 in Axes
  6118 | D:8      | Mangled by a slime creature

Illustrated notes

Levels and vault maps discovered:
D:1:      ldierk_walled_garden_2, layout_rooms, ebering_ecumenical_altar_box,
          serial_bayou_pond_b
D:2:      layout_basic
D:3:      layout_basic, nicolae_ashenzari_panopticon,
          lemuel_coloured_pillars_altar, minmay_door_square, uniq_sigmund
D:4:      layout_loops_ring, nemelex_dance_club_becter,
          gammafunk_ghost_cemetery, minmay_mini_ossuary
D:5:      layout_loops_ring, okawaru_altar_gauntlet_db, minivault_11,
          uniq_blork_the_orc
D:6:      layout_rooms, uniq_eustachio
D:7:      layout_gridville, minmay_temple_entry_fiery,
          chequers_serial_rivers_small_a, nicolae_shop_clearance
D:8:      layout_basic, overflow_temple_1_default, slow_altar_2,
          jmf_multi_god_temple2, kennysheep_generic_room_11

Skill      XL: |  1  2  3  4  5  6  7  8  9 |
---------------+----------------------------+-----
Fighting       | 4 5 6 7 |  7.3
Axes           | 3 4 5 6 8 9 11 | 11.3
Armour         | 4 5 6 |  6.7
Dodging        | 1 2 |  2.9
Shields        | 4 5 |  5.2
Stealth        | 1 2 3 |  3.0

Action                   |  1- 3 |  4- 6 |  7- 9 || total
-------------------------+-------+-------+-------++-------
Melee: War axe           |    76 |   148 |   318 ||   542
Evoke: Wand              |       |     1 |       ||     1
  Use: Potion            |       |     1 |       ||     1
       Scroll            |       |     4 |     3 ||     7
 Stab: Paralysed         |       |     3 |    16 ||    19
Armor: Scale mail        |    51 |    83 |   109 ||   243
Dodge: Dodged            |    48 |    62 |   216 ||   326
Block: Buckler           |    20 |    36 |    78 ||   134

Table legend: (Time is in decaauts)
 A = Elapsed time spent in this place.
 B = Non-inter-level travel time spent in this place.
 C = Inter-level travel time spent in this place.
 D = Time resting spent in this place.
 E = Time spent auto-exploring this place.
 F = Levels seen in this place.
 G = Mean time per level.
                   A        B        C        D        E       F      G
               +--------+--------+--------+--------+--------+-----+--------+
         Total |   6231 |   5980 |    251 |    805 |   2793 |   8 |  778.9 |
       Dungeon |   6231 |   5980 |    251 |    805 |   2793 |   8 |  778.9 |
               +--------+--------+--------+--------+--------+-----+--------+

Top non-repeatable levels by time:
     D:3: 1243 daAuts
     D:4: 1089 daAuts
     D:2: 839 daAuts
     D:7: 790 daAuts
     D:5: 707 daAuts
     D:6: 637 daAuts
     D:1: 622 daAuts
     D:8: 301 daAuts
